 Dungeon Crawl Stone Soup version 0.30-a0-782-ge64f9170bb (webtiles) character file.

Game seed: 16598255860894586788

48 Smoke131 the Sneak (level 3, -7/19 HPs)
             Began as a Vampire Enchanter on Feb 18, 2023.
             Killed from afar by Sigmund (8 damage)
             ... with a puff of flame
             ... on level 2 of the Dungeon.
             The game lasted 00:06:15 (1137 turns).

Smoke131 the Sneak (Vampire Enchanter)              Turns: 1137, Time: 00:06:16

Health: -7/19      AC:  2    Str:  7    XL:     3   Next: 50%
Magic:  6/6        EV: 13    Int: 23    God:
Gold:   120        SH:  0    Dex: 16    Spells: 1/6 levels left

rFire   . . .      SeeInvis +    e - +0 dagger (vamp)
rCold   + + .      Faith    .    (no shield)
rNeg    + + +      Spirit   .    b - +0 robe
rPois   ∞          Reflect  .    (no helmet)
rElec   .          Harm     .    (no cloak)
rCorr   .          Rampage  .    (no gloves)
Will    .....                    (no boots)
Stlth   +++++                    p - amulet of magic regeneration
HPRegen 0.00/turn                d - +6 ring of intelligence
MPRegen 0.50/turn                (no ring)

@: bloodless, inhibited regen, invisible
A: bloodless, fangs 3, see invisible, vampiric 2
a: Bat Form, Revivify


You were on level 2 of the Dungeon.
You visited 1 branch of the dungeon, and saw 4 of its levels.

You collected 120 gold pieces.

Inventory:

Hand Weapons
 e - a +0 vampiric dagger (weapon)
Missiles
 n - 5 poisoned darts (quivered)
Armour
 b - a +0 robe (worn)
Jewellery
 d - a +6 ring of intelligence (left hand)
 l - a ring of fire
 p - an amulet of magic regeneration (around neck)
Scrolls
 f - a scroll of fog {unknown}
 g - 2 scrolls of enchant armour {unknown}
 i - 3 scrolls of identify {unknown}
 m - a scroll of blinking {unknown}
 o - a scroll of magic mapping {unknown}
Potions
 h - a potion of magic {unknown}
 j - a potion of curing {unknown}
 k - a potion of brilliance {unknown}


   Skills:
 + Level 1.8 Short Blades
 + Level 2.6 Dodging
 + Level 5.0 Stealth
 + Level 2.3 Spellcasting
 + Level 4.9 Hexes
 + Level 0.5 Ice Magic


You had one spell level left.
You knew the following spells:

 Your Spells              Type           Power      Damage    Failure   Level
a - Ensorcelled Hibernat  Hex/Ice        30%        N/A       6%          2
b - Confusing Touch       Hex            25%        N/A       4%          3

Your spell library contained the following spells:

 Spells                   Type           Power      Damage    Failure   Level
 Tukima's Dance           Hex            25%        N/A       4%          3
 Dazzling Flash           Conj/Hex       28%        N/A       14%         3
 Iskenderun's Mystic Bla  Conj/Tloc      2%         2d3       77%         4
 Starburst                Conj/Fire      1%         6d3       100%        6


Dungeon Overview and Level Annotations

Branches:
Dungeon (4/15)
 Temple: D:4-7

Altars:
Xom

Annotations:
D:2 Sigmund


Innate Abilities, Weirdness & Mutations

You do not regenerate when monsters are visible.
You are frail without blood (-20% HP).
You can heal yourself when you bite living creatures.
You are immune to poison.
You have razor-sharp teeth.
You have supernaturally acute eyesight. (SInv)
You are afflicted with vampirism and can become a bat while bloodless.


Message History

The worm is severely wounded.
You hit the worm but do no damage.
The worm is severely wounded.
The worm bites you but does no damage.
You hit the worm.
You feel better.
The worm is almost dead.
You hit the worm.
You feel better.
You kill the worm!
You start resting.
HP restored.
Okay, then.
A ball python is nearby!
You see here 8 gold pieces.
Found a short sword.
You see here 8 gold pieces.
The helpless ball python fails to defend itself.
You bite the ball python, and draw its blood!
You impale the ball python!!
You kill the ball python!
You now have 112 gold pieces (gained 8).
You now have 120 gold pieces (gained 8).
Sigmund the Dreaded comes into view.
He is wielding a +0 scythe and wearing a +2 robe of willpower.
The helpless Sigmund fails to defend himself.
You bite Sigmund, and draw his blood! You impale Sigmund!!
Sigmund is severely wounded.
Cast which spell? (? or * to list)
Aiming: Ensorcelled Hibernation (safe; 6% risk of failure)
Press: ? - help, Shift-Dir - straight line, f - Sigmund
Aim: Sigmund, wielding a +0 scythe and wearing a +2 robe of willpower (severely wounded, chance to affect: 23%)
Okay, then.
Unknown command.
Sigmund gestures at you while chanting. The puff of flame hits you!
Ouch! That really hurt!
You fade into invisibility!
Sigmund hits you from afar with a +0 scythe!
* * * LOW HITPOINT WARNING * * *
Sigmund casts a spell at something.
The puff of flame hits you!
You die...

#..#.#.###
####........#
........#.#.####
####...........###
####......#.#....#
.......>#.#.#..#.#
###..<...#....#.#
######.......[.#.#
#...........####@#
#.#......##.# #.#
#......##.# #.#
#......## #.#
#......##.####@#
+......##......#
#......#########
#......#
#######.##


You could see Sigmund (unable to see you).

Vanquished Creatures
  An adder (D:2)
  A worm (D:2)
  5 ball pythons
  An endoplasm (D:2)
  A giant cockroach (D:1)
  5 goblins
  2 hobgoblins
  3 jackals (D:1)
  3 quokkas
  4 bats
  2 frilled lizards (D:1)
  4 kobolds
  A rat (D:1)
33 creatures vanquished.

Notes
Turn   | Place    | Note
-------+----------+-------------------------------------------
     0 | D:1      | Smoke131 the Vampire Enchanter began the quest for the Orb.
     0 | D:1      | Reached XP level 1. HP: 13/13 MP: 3/3
   156 | D:1      | Reached XP level 2. HP: 15/15 MP: 5/5
   348 | D:1      | Found a faded altar of an unknown god.
   594 | D:1      | Learned a level 2 spell: Ensorcelled Hibernation
   672 | D:2      | You fall into a shaft and drop 2 floors!
   777 | D:4      | Noticed an ogre
   802 | D:2      | Gained mutation: You are afflicted with vampirism and can
                  | become a bat while bloodless. [Vampire growth]
   802 | D:2      | Reached XP level 3. HP: 19/19 MP: 6/6
   825 | D:2      | Learned a level 3 spell: Confusing Touch
   980 | D:2      | Found a shimmering altar of Xom.
  1010 | D:2      | Reached skill level 5 in Stealth
  1129 | D:2      | Noticed Sigmund
  1137 | D:2      | Killed from afar by Sigmund

Illustrated notes

Levels and vault maps discovered:
D:1:      minmay_arrival_jagged, layout_rooms,
          hellmonk_ecumenical_altar_lost_god, minmay_tetromino_l2
D:2:      layout_basic, basic_altar, nicolae_figureground_pulse, uniq_sigmund
D:3:      layout_basic
D:4:      layout_gridville, amcnicky_altar_gilded

Skill      XL: |  1  2  3 |
---------------+----------+-----
Stealth        | 5 |  5.0
Short Blades   | |  1.8
Dodging        | |  2.6
Spellcasting   | |  2.3
Hexes          | |  4.9
Ice Magic      | |  0.5

Action                     || total
---------------------------++-------
  Melee: Dagger            ||    88
         Bite              ||    11
Ability: Exsanguinate      ||     1
    Use: Potion            ||     2
   Stab: Sleeping          ||    20
         Distracted        ||     1
 Armour: Robe              ||    11
  Dodge: Dodged            ||    46

Table legend: (Time is in decaauts)
 A = Elapsed time spent in this place.
 B = Non-inter-level travel time spent in this place.
 C = Inter-level travel time spent in this place.
 D = Time resting spent in this place.
 E = Time spent auto-exploring this place.
 F = Levels seen in this place.
 G = Mean time per level.
                   A        B        C        D        E       F      G
               +--------+--------+--------+--------+--------+-----+--------+
         Total |   1128 |   1128 |      0 |     82 |    480 |   4 |  282.0 |
       Dungeon |   1128 |   1128 |      0 |     82 |    480 |   4 |  282.0 |
               +--------+--------+--------+--------+--------+-----+--------+

Top non-repeatable levels by time:
     D:1: 615 daAuts
     D:2: 389 daAuts
     D:4: 114 daAuts
     D:3: 7 daAuts
